 Dungeon Sprint DCSS version 0.18.1-48-g4cf74bf (webtiles) character file.

5 kosy22 the Insei (level 3, -3/32 HPs)
             Began as a Naga Transmuter on Aug 19, 2016.
             Was a Believer of Cheibriados.
             Slain by a phantom (6 damage)
             ... in the Dungeon (Sprint VI: "Thunderdome").
             The game lasted 00:04:17 (151 turns).

kosy22 the Insei (Naga Transmuter)                   Turns: 151, Time: 00:04:19

Health: -3/32      AC:  2    Str: 16    XL:     3   Next: 75%
Magic:  7/7        EV: 10    Int: 17    God:    Cheibriados [**....]
Gold:   210        SH:  0    Dex: 16    Spells: 2 memorised, 5 levels left

rFire  . . .     SeeInvis +       - Unarmed
rCold  . . .     Gourm    .     b - +0 robe
rNeg   . . .     Faith    .     (no shield)
rPois  +         Spirit   .     (no helmet)
rElec  .         Dismiss  .     (no cloak)
rCorr  .         Reflect  .     (no gloves)
SustAt .         Harm     .     (no barding)
MR     .....     NoTele   +     (no amulet)
Stlth  +.........               (no ring)
                                (no ring)

@: short of breath, very slightly contaminated, drained, very slow, not
resistant to hostile enchantments, very unstealthy
A: see invisible, deformed body, poison resistance, slowness 2, slow metabolism
1, spit poison 2, AC +1
a: Spit Poison, Bend Time, Renounce Religion


You were in the Dungeon.
You worshipped Cheibriados.
Cheibriados was pleased with you.
You were not hungry.

You visited 1 branch You collected 210 gold pieces.

Inventory:

Missiles
 a - 10 arrows
Armour
 b - a +0 robe (worn)
Wands
 l - a wand of acid (0/15)
 m - a wand of iceblast (3/15)
Scrolls
 j - 3 scrolls of blinking
 n - 3 scrolls of fog
Potions
 e - a potion of curing
 f - 3 potions of heal wounds
 g - 4 potions of haste
 h - 2 potions of magic
 i - a potion of berserk rage
 k - a potion of resistance
Books
 c - a book of Changes

   Spells                             Type                      Level
   a - Beastly Appendage              Transmutation                1
   b - Sticks to Snakes               Transmutation                2
   c - Spider Form                    Transmutation/Poison         3
   d - Ice Form                       Ice/Transmutation            4
   e - Blade Hands                    Transmutation                5
Comestibles
 d - a bread ration
 o - 3 chunks of flesh


   Skills:
 + Level 1.8(1.1) Fighting
 + Level 2.6(1.9) Dodging
 + Level 5.9(5.1) Unarmed Combat
 + Level 3.0(2.3) Spellcasting
 + Level 3.1(2.3) Transmutations


You had 5 spell levels left.
You knew the following spells:

 Your Spells              Type           Power        Failure   Level  Hunger
a - Beastly Appendage     Trmt           ##....       10%         1    #......
b - Sticks to Snakes      Trmt           ##......     14%         2    ##.....


Dungeon Overview and Level Annotations

Branches:
Dungeon (1/1)

Altars:
Cheibriados
Fedhas
Kikubaaqudgha
Makhleb
Okawaru
Qazlal
Ru
Trog
Vehumet
Xom
Yredelemnul
Zin
The Shining One
Jiyva
Lugonu

Shops:
D *[%??*?*:[((


Innate Abilities, Weirdness & Mutations

You cannot wear boots.
Your serpentine skin is tough (AC +1).
You have supernaturally acute eyesight.
Armour fits poorly on your strangely shaped body.
Your system is resistant to poisons.
You cover ground very slowly.
You have a slow metabolism.
You can spit poison.


Message History

Press: ? - help, Shift-Dir - straight line, p - adder zombie The mass of ice explodes!
The iceblast engulfs the wight.
The wight partially resists.
The wight is severely damaged.
The iceblast engulfs the adder zombie.
The adder zombie partially resists.
You destroy the adder zombie!
Cheibriados appreciates the change of pace.
The iceblast engulfs the phantom.
The phantom partially resists.
The phantom is almost destroyed.
This wand has 3 charges left.
The phantom blinks!
The wight hits you from afar with a trident of freezing.
You feel drained. The wight freezes you.
You can't do that yet.
The phantom hits you but does no damage.
The wight hits you from afar with a trident of freezing!
* * * LOW HITPOINT WARNING * * *
The wight freezes you.
* * * LOW HITPOINT WARNING * * *
The phantom hits you.
You die...

#_......._#
###.........##
#⌠...........⌠
######.8.........8.
##∩___......###.....
###∩........8.# #.8...
##...........W.###.....
#⌠..........###...###..
#⌠....@.....# #.<.# ..
#⌠...W..z...###...# ..
##.......Z§....###.....
###∩........8.# .8...
##∩__.......###..Z..
######.8.........8.
#⌠.....Z.....⌠
###.........##
#_......._#


You could see 2 phantoms, a wight and an adder skeleton.

Vanquished Creatures
  A howler monkey (D)
  An adder zombie (D)
  2 worms (D)
  A kobold (D)
5 creatures vanquished.

Notes
Turn   | Place    | Note
--------------------------------------------------------------
     0 | D        | kosy22 the Naga Transmuter began the quest for the Orb.
     0 | D        | Reached XP level 1. HP: 18/18 MP: 3/3
     4 | D        | Found a glowing silver altar of Zin.
     4 | D        | Round 1.
     6 | D        | Found a snail-covered altar of Cheibriados.
     7 | D        | Found a bloodstained altar of Trog.
     7 | D        | Found a stormy altar of Qazlal.
     7 | D        | Found Geathet's Staff Store.
     7 | D        | Found Moceskuq's Magic Scroll Shop.
     8 | D        | Found Imimuze's Must-Have Magic.
     8 | D        | Found Gadghil's Magic Scroll Shop.
    18 | D        | Became a worshipper of Cheibriados the Contemplative
    26 | D        | Found a basalt altar of Yredelemnul.
    28 | D        | Found a viscous altar of Jiyva.
    29 | D        | Noticed a howler monkey
    31 | D        | Found a radiant altar of Vehumet.
    32 | D        | Found Xuuneow's Bee Food.
    35 | D        | Killed a howler monkey
    35 | D        | Reached skill level 5 in Unarmed Combat
    35 | D        | Reached XP level 2. HP: 18/25 MP: 4/6
    35 | D        | Reached XP level 3. HP: 22/31 MP: 4/7
    37 | D        | Reached * piety under Cheibriados
    45 | D        | Learned a level 2 spell: Sticks to Snakes
    48 | D        | Found Kazxirr's Jewellery.
    48 | D        | Found Boimiar's Advanced Armour.
    49 | D        | Found a corrupted altar of Lugonu.
    49 | D        | Found a shimmering altar of Xom.
    49 | D        | Found Baurat's Identification Station.
    82 | D        | Reached ** piety under Cheibriados
   124 | D        | Arena points: 5 (+5) [x1]
   131 | D        | Found an iron altar of Okawaru.
   132 | D        | Found a glowing golden altar of the Shining One.
   133 | D        | Found an ancient bone altar of Kikubaaqudgha.
   133 | D        | Round 2.
   135 | D        | Found Bydgheati's Premium Goods.
   136 | D        | Noticed a phantom
   136 | D        | Noticed a phantom
   137 | D        | Found Methuqor's Miscellaneous Merchandise.
   137 | D        | Found Miplupri's Basic Armour.
   138 | D        | Found a blossoming altar of Fedhas.
   138 | D        | Found a sacrificial altar of Ru.
   138 | D        | Found a burning altar of Makhleb.
   138 | D        | Found Gawocs's Weapon Rack.
   151 | D        | Slain by a phantom

Skill      XL: |  1 |
---------------+----+-----
Dodging        | 2 |  2.6
Unarmed Combat | 5 |  5.9
Spellcasting   | 3 |  3.0
Transmutations | 3 |  3.1
Fighting       | |  1.8

Action                   || total
-------------------------++-------
Melee: Unarmed           ||     7
 Cast: Sticks to Snakes  ||     2
 Abil: Spit Poison       ||     1
Evoke: Wand              ||     7
  Use: Scroll            ||     1
       Potion            ||     1
Armor: Robe              ||     3
Dodge: Dodged            ||     7
